 Dungeon Crawl Stone Soup version 0.30.1-11-g7821555f0a (webtiles) character file.

Game seed: 10524742748683865543

2 jagang the Slasher (level 1, 0/19 HPs)
             Began as a Barachi Monk on Nov 15, 2023.
             Slain by a gnoll
             ... wielding a +0 spear
              (2 damage)
             ... on level 1 of the Dungeon.
             The game lasted 00:00:15 (91 turns).

jagang the Slasher (Barachi Monk)                     Turns: 91, Time: 00:00:15

Health: 0/19       AC:  2    Str: 12    XL:     1   Next: 30%
Magic:  1/1        EV: 13    Int: 10    God:
Gold:   0          SH:  0    Dex: 14    Spells: 0/0 levels left

rFire   . . .        a - +0 falchion
rCold   . . .        d - orb {light}
rNeg    . . .        b - +0 robe
rPois   .            (no helmet)
rElec   .            (no cloak)
rCorr   .            (no gloves)
SInv    .            (no boots)
Will    .....        (no amulet)
Stlth   +            (no ring)
HPRegen 0.23/turn    (no ring)
MPRegen 0.07/turn

%: no passive effects
@: glowing, slow
A: amphibious, slowness 1, strong legs 1, +LOS
a: Hop


You were on level 1 of the Dungeon.
You visited 1 branch of the dungeon, and saw 1 of its levels.

Inventory:

Hand Weapons
 a - a +0 falchion (weapon)
Armour
 b - a +0 robe (worn)
 d - an orb of light (worn)
Scrolls
 e - a scroll of enchant weapon {unknown}
 f - a scroll of identify {unknown}
Potions
 c - a potion of ambrosia
 g - a potion of might {unknown}


   Skills:
 + Level 3.6 Fighting
 + Level 3.7 Long Blades
 + Level 0.3 Armour
 - Level 3.2 Dodging


You couldn't memorise any spells.
You didn't know any spells.
Your spell library was empty.

Dungeon Overview and Level Annotations

Branches:
Dungeon (1/15)

Altars:


Innate Abilities, Weirdness & Mutations

You are amphibious.
You cover ground slowly.
You can hop short distances.
You have an extended range of vision and can be seen from far away.


Message History

The quokka bites you.
You completely miss the quokka. The quokka closely misses you.
The jackal barely misses you.
You hit the quokka.
The quokka is severely wounded.
The quokka closely misses you. The jackal bites you. The quokka misses you.
You hit the quokka but do no damage.
The quokka is severely wounded.
The jackal barely misses you.
The jackal bites you but does no damage.
The quokka bites you. The jackal bites you.
You barely miss the quokka.
The quokka is severely wounded.
The jackal barely misses you. The jackal misses you.
The quokka twitches its whiskers.
The quokka barely misses you. The gnoll closely misses you.
The jackal barely misses you. The jackal bites you. The quokka bites you.
* * * LOW HITPOINT WARNING * * *
The jackal closely misses you. The jackal bites you.
* * * LOW HITPOINT WARNING * * *
You hit the jackal but do no damage. The jackal closely misses you.
The jackal bites you.
* * * LOW HITPOINT WARNING * * *
You hit the jackal.
The jackal is moderately wounded.
The jackal bites you.
* * * LOW HITPOINT WARNING * * *
You hit the jackal.
The jackal is heavily wounded.
The jackal closely misses you. The jackal misses you.
You hit the jackal.
You kill the jackal!
The jackal barely misses you.
You hit the jackal.
The jackal is heavily wounded.
The jackal misses you.
You hit the jackal.
You kill the jackal!
The gnoll hits you from afar with a +0 spear.
You die...

.... # ○~~~# ... #~~~~~#
..## #~~~~~# ..# #~~#~ #
#.# #~~~~~# #####h##
#~~~~~# #..g.gr# #~~~~~#
.........#†# #~~~~~#
.........#@######## #~÷#~~#
.........#........# #~~~~~#
.........########.####~~~~#
.........# #....######
.[.......# #####........
.........# #.......#....
........!# #.......#....
#.......#.... #.......#....


You could see a gnoll, a quokka and a jackal.

Vanquished Creatures
  2 jackals (D:1)
  A kobold (D:1)
3 creatures vanquished.

Notes
Turn   | Place    | Note
-------+----------+-------------------------------------------
     0 | D:1      | jagang the Barachi Monk began the quest for the Orb.
     0 | D:1      | Reached XP level 1. HP: 18/18 MP: 1/1
    23 | D:1      | Found a faded altar of an unknown god.
    91 | D:1      | Slain by a gnoll

Illustrated notes

Levels and vault maps discovered:
D:1:      saegor_arrival_miasma, layout_basic,
          shapermc_ecumenical_altar_totnotflames

Action                     || total
---------------------------++-------
  Melee: Falchion          ||    12
 Armour: Robe              ||     1
  Dodge: Dodged            ||    17
